 Dungeon Crawl Stone Soup version 0.16.2-12-gd0ad4c3 (webtiles) character file.

65 dvd the Vexing (level 3, -1/25 HPs)
             Began as a Vampire Enchanter on Sept 16, 2015.
             Slain by a hound (3 damage)
             ... on level 2 of the Dungeon.
             The game lasted 00:12:53 (1963 turns).

dvd the Vexing (Vampire Enchanter)                  Turns: 1963, Time: 00:12:54

Health: -1/25      AC:  3    Str:  7    XL:     3   Next: 92%
Magic:  2/6        EV: 13    Int: 18    God:
Gold:   61         SH:  0    Dex: 14    Spells: 3 memorised, 1 level left

rFire  . . .     SeeInvis +     a - +1 dagger
rCold  + . .     Clarity  .     b - +1 robe
rNeg   + + +     SustAb   .     (no shield)
rPois  +         Gourm    .     (no helmet)
rElec  .         Spirit   .     (no cloak)
rCorr  .         Warding  .     (no gloves)
rMut   .         Stasis   .     (no boots)
MR     .....                    (no amulet)
Stlth  +++.......               (no ring)
                                j - ring of positive energy

@: regenerating slowly, not resistant to hostile enchantments, fairly stealthy
A: bottle blood, fangs 3, see invisible, unbreathing
a: Bat Form


You were on level 2 of the Dungeon.
You were very thirsty.

You visited 1 branch of the dungeon, and saw 2 of its levels.

You collected 61 gold pieces.

Inventory:

Hand weapons
 a - a +1 dagger (weapon)
 k - a +0 short sword
Missiles
 l - 4 silver javelins (quivered)
Armour
 b - a +1 robe (worn)
Jewellery
 j - a ring of positive energy (left hand)
Scrolls
 h - 2 scrolls of identify {unknown}
 m - a scroll of fear {unknown}
 o - a scroll of fog {unknown}
Potions
 d - 13 potions of blood
 e - 2 potions of flight {unknown}
 f - a potion of beneficial mutation {unknown}
 g - 2 potions of poison {unknown}
 i - 2 potions of curing {unknown}
 n - a potion of resistance {unknown}
 p - a potion of haste {unknown}
Books
 c - a book of Maledictions

   Spells                             Type                      Level
   a - Corona                         Hexes                        1
   b - Sure Blade                     Hexes/Charms                 2
   c - Ensorcelled Hibernation        Hexes/Ice                    2
   d - Confuse                        Hexes                        3
   e - Dazzling Spray                 Conjuration/Hexes            3
   f - Enslavement                    Hexes                        4


   Skills:
 + Level 0.3 Fighting
 + Level 1.5 Short Blades
 + Level 2.4 Dodging
 + Level 5.3 Stealth
 + Level 2.3 Spellcasting
 + Level 5.4 Hexes
 + Level 0.2 Ice Magic


You had one spell level left.
You knew the following spells:

 Your Spells              Type           Power        Failure   Level  Hunger
a - Corona                Hex            ###....      1%          1    #......
b - Ensorcelled Hibernat  Hex/Ice        ##....       12%         2    ##.....
c - Sure Blade            Hex/Chrm       ##........   12%         2    ##.....


Dungeon Overview and Level Annotations

Branches:
Dungeon (2/15)

Altars:


Innate Abilities, Weirdness & Mutations

You heal slowly.
You can bottle blood from corpses.
You have razor-sharp teeth.
You have supernaturally acute eyesight.
You can survive without breathing.


Message History

The gnoll hits the bush.
The hound barely misses you.
The hound bites the bush but does no damage.
The hound bites you. The hound bites you but does no damage.
The hound bites you.
Use which ability? (? or * to list)
You don't have enough magic at the moment.
The hound bites you. The hound bites you.
* * * LOW HITPOINT WARNING * * *
The hound bites you but does no damage.
You see here a dagger.
The hound bites you.
* * * LOW HITPOINT WARNING * * *
Use which ability? (? or * to list)
You don't have enough magic at the moment.
The hound closely misses you.
Use which ability? (? or * to list)
You fail to use your ability.
The hound bites you.
You die...

#>............# #............#.
..............# #............#.
#.)...........# #..............
.h.##.........# ##........##.%.
P..########'### #........##.%.
###......##.# #........##... '
#..###.##.# ###.....###...
###.........##########.....#####.
+ #........).hgh@....'.....+.....
###......[...##.######.....#####.
#............##.#........##....')
#......................#.##.####.
#.............#.#......#.##.# #.
#####.........#........#.##.# #.
#######.#.#.#....#.#.##.# #)
#.#.#.#.##.#.#.##.# #.
#######.#.#.#....#.#....# ##


You could see 2 hounds and a gnoll.

Vanquished Creatures
  3 adders (D:2)
  A worm (D:2)
  A giant gecko (D:2)
  3 bats
  3 giant cockroaches
  4 goblins
  3 hobgoblins
  2 jackals (D:2)
  A ball python (D:1)
  3 giant newts
  7 kobolds
  4 rats
35 creatures vanquished.

Notes
Turn   | Place    | Note
--------------------------------------------------------------
     0 | D:1      | dvd, the Vampire Enchanter, began the quest for the Orb.
     0 | D:1      | Reached XP level 1. HP: 13/13 MP: 3/3
   566 | D:1      | Reached XP level 2. HP: 19/19 MP: 2/4
   574 | D:1      | Learned a level 2 spell: Ensorcelled Hibernation
   577 | D:1      | Learned a level 2 spell: Sure Blade
  1061 | D:2      | Reached skill level 5 in Hexes
  1242 | D:2      | Reached XP level 3. HP: 25/25 MP: 6/6
  1349 | D:2      | Reached skill level 5 in Stealth
  1963 | D:2      | Slain by a hound

Action                   || total
-------------------------++-------
Melee: Dagger            ||    61
 Cast: Corona            ||     8
       Ensorcelled Hiber ||    18
       Sure Blade        ||     4
  Use: Scroll            ||     2
 Stab: Sleeping          ||    24
  Eat: Corpse            ||     3
